Map: Hecate LE

Players

Subwayeatn

  • Race: Zerg Zerg
  • League: Platinum
  • Spawn Location: 1:00

bullypulpit - Winner!

  • Race: Terran Terran
  • League: Diamond
  • Spawn Location: 7:00

VOD

Have the link to the VOD?

Description

Time

  • Played on: Nov. 5, 2023, 5:31 p.m.
  • Length: 10:11
Show
View Real Time Build Order
Export as new Build Order

Subwayeatn Zerg 

Build Orders: Hatch First 

Get SALT Encoding   

  12  0:00  Drone  
  13  0:13  Overlord  
  13  0:22  Drone  
  14  0:31  Drone x2  
  16  0:49  Hatchery  
  15  0:53  Drone  
  15  0:56  Drone  
  17  0:59  Drone  
  18  1:04  Extractor  
  17  1:16  Spawning Pool  
  16  1:20  Drone  
  16  1:24  Drone  
  18  1:30  Drone  
  19  1:46  Drone  
  20  2:03  Queen x2  
  20  2:05  Zergling x6  
  27  2:18  Overlord  
  27  2:33  Overlord  
  27  2:35  Drone  
  27  2:36  Overlord  
  28  2:40  Drone x2  
  30  2:46  Queen  
  30  2:50  Drone x2  
  34  2:55  Metabolic Boost  
  34  3:13  Drone x2  
  34  3:14  Drone x2  
  34  3:19  Zergling x6  
  41  3:32  Drone, Overlord  
  42  3:47  Drone x4  
  46  4:00  Hatchery  
  45  4:07  Overlord  
  45  4:08  Drone x2  
  47  4:12  Extractor, Lair  
  47  4:13  Baneling Nest, Queen  
  47  4:21  Zergling x2  
  47  4:23  Zergling x2  
  49  4:33  Drone x3  
  49  4:37  Overlord  
  51  4:45  Extractor  
  51  4:46  Zergling x6  
  51  4:47  Zergling x2  
  51  4:50  Zergling x2  
  55  5:03  Evolution Chamber  
  55  5:05  Drone x6, Evolution Chamber  
  58  5:23  Zergling x2  
  58  5:24  Zergling x10  
  58  5:25  Queen x2  
  58  5:26  Queen  
  70  5:37  Spine Crawler  
  66  5:47  Spine Crawler  
  66  5:48  Spine Crawler  
  56  5:51  Zergling x12  
  56  5:52  Zergling x4  
  56  5:59  Zergling x2  
  56  6:00  Zergling x2  
  58  6:11  Baneling x11  
  57  6:14  Baneling x2  
  55  6:20  Zergling x8  
  55  6:21  Zergling x4  
  55  6:25  Zerg Melee Weapons Level 1  
  53  6:50  Hatchery  
  52  7:06  Baneling x2  
  46  7:27  Zergling x2  
  46  7:28  Zergling x18  
  46  7:29  Zergling x2  
  55  7:47  Extractor  
  55  7:48  Spire  
  55  7:49  Drone  
  54  7:52  Overseer  
  53  8:11  Queen x2  
  57  8:15  Baneling  
  57  8:16  Baneling x8  
  57  8:17  Baneling  
  57  8:21  Overlord  
  57  8:33  Zergling x2  
  58  8:37  Overlord  
  58  8:38  Overlord  
  58  8:49  Drone x7  
  58  8:52  Drone  
  66  9:09  Mutalisk x6  
  78  9:17  Mutalisk  
Show
View Real Time Build Order
Export as new Build Order

bullypulpit Terran - Winner!

Build Orders:  

Get SALT Encoding   

  12  0:00  SCV  
  13  0:15  Supply Depot  
  13  0:17  SCV  
  14  0:29  SCV  
  15  0:38  Barracks  
  15  0:42  Refinery  
  15  0:44  SCV  
  16  0:56  SCV  
  17  1:08  SCV  
  18  1:24  Orbital Command  
  18  1:25  Barracks Reactor  
  18  1:42  Command Center  
  18  1:50  SCV  
  18  1:54  Supply Depot  
  19  2:01  Marine  
  19  2:02  SCV  
  19  2:04  Marine  
  22  2:14  SCV  
  23  2:19  Barracks  
  23  2:21  Marine  
  23  2:22  Marine  
  25  2:30  SCV  
  26  2:38  Barracks  
  26  2:41  Marine x2  
  26  2:42  SCV  
  29  2:54  SCV  
  29  2:57  Orbital Command  
  30  3:06  Marine x2  
  30  3:07  Barracks Tech Lab  
  32  3:13  Supply Depot, SCV  
  33  3:23  SCV  
  33  3:25  SCV  
  35  3:27  Barracks Tech Lab  
  35  3:28  Stimpack  
  35  3:40  Supply Depot  
  35  3:42  SCV x2  
  35  3:44  Marauder, Marine x2  
  35  3:46  Concussive Shells  
  35  3:47  Marauder  
  43  3:55  SCV x2, Supply Depot  
  45  4:07  Bunker  
  45  4:09  Marine x2, Marauder x2  
  50  4:15  SCV x2  
  52  4:18  Refinery  
  52  4:22  Factory  
  52  4:26  Refinery  
  52  4:30  SCV x2  
  52  4:31  Supply Depot  
  54  4:50  Marauder x2, Marine x2  
  54  4:51  SCV x2  
  62  5:02  Supply Depot  
  62  5:03  SCV x2  
  62  5:05  Combat Shield  
  62  5:06  Factory Tech Lab  
  64  5:11  Marauder  
  64  5:12  Marine  
  64  5:13  Marine, Marauder  
  70  5:20  SCV x2  
  72  5:31  Supply Depot  
  72  5:32  SCV x2  
  72  5:34  Engineering Bay  
  74  5:38  Marauder x2, Marine  
  74  5:39  Marine  
  80  5:43  Command Center  
  80  5:44  SCV x2  
  81  5:54  Siege Tank  
  81  5:56  Marine x2  
  85  6:00  Marauder  
  87  6:21  Marauder x2, Marine  
  87  6:22  Marine  
  87  6:24  SCV  
  87  6:25  Terran Infantry Weapons Level 1  
  94  6:29  SCV, Supply Depot  
  94  6:30  Siege Tank  
  84  6:34  Refinery  
  84  6:38  SCV  
  83  6:42  SCV  
  83  6:45  Marauder, Marine x2, Starport  
  83  6:46  Marauder  
  88  6:47  Starport  
  88  6:56  Barracks  
  88  7:04  SCV x2  
  89  7:13  Orbital Command  
  89  7:16  SCV x2  
  91  7:25  Medivac x2  
  91  7:28  Siege Tank  
  98  7:32  Marine x2, Marauder x2  
  102  7:43  SCV x3  
  104  7:50  Refinery  
  104  7:55  Armory  
  103  8:02  Medivac  
  103  8:03  Starport Reactor  
  103  8:04  SCV x3  
  112  8:05  Marauder  
  112  8:06  Barracks Reactor, Marine x2, Marauder  
  114  8:13  Siege Tank  
  114  8:19  Supply Depot x2  
  117  8:27  Engineering Bay  
  117  8:29  Supply Depot  
  117  8:32  Marine, Marauder  
  117  8:33  Marauder, Marine  
  123  8:38  Medivac  
  123  8:40  Liberator  
  128  8:47  SCV x2, Refinery  
  130  8:50  Marine  
  130  8:51  Marine x3  
  130  8:53  Marine  
  130  8:54  Marine  
  136  9:08  Marine  
  136  9:09  Marine x2  
  139  9:10  Barracks  
  139  9:12  Barracks  
  139  9:14  Barracks x2  
  139  9:18  Barracks, Marauder x2, Marine  
  144  9:26  Marine  
  144  9:27  Marine  
  146  9:32  Command Center  
  146  9:39  Marauder  
  132  9:46  Marine  
Tags
 
Matchup
TvZ
Replay Pack
Multiplayer
Spawn Locations
Cross Positions
Add a new tag
Caveats
  • Supply blocks, unpowered buildings, or Contaminate may cause inaccurate times.
  • Supply counts are checked every 10 seconds.